 Dungeon Crawl Stone Soup version 0.29-a0-96-g93358da72b (webtiles) character file.

Game seed: 14470039526644198793

34118 drugrobin the Spear-Bearer (level 13, -6/184 HPs)
             Began as a Demigod Warper on Feb 11, 2022.
             Mangled by a ghost moth (15 damage)
             ... on level 3 of the Lair of Beasts.
             The game lasted 00:52:10 (22672 turns).

drugrobin the Spear-Bearer (Demigod Warper)        Turns: 22672, Time: 00:52:11

Health: -6/184     AC: 12    Str: 19 (24) XL:     13   Next: 11%
Magic:  0/19       EV: 14    Int: 14 (21) God:
Gold:   470        SH:  4    Dex: 17 (21) Spells: 0/15 levels left

rFire   + . .      SeeInvis .   a - +6 trident of Wrongful Imprisonment {flame, rN++ Stlth-}
rCold   . . .      Faith    .   w - +0 buckler
rNeg    + + .      Spirit   .   V - +2 leather armour "Hoew" {+Blink rF+ Will+ Dex+4}
rPois   +          Reflect  .   y - +1 helmet
rElec   .          Harm     .   l - +0 cloak {rPois}
rCorr   .          Rampage  +   k - +2 pair of gloves
Will    +++..                   T - +0 pair of boots {rampage}
Stlth   ..........              I - amulet of magic regeneration
HPRegen 0.40/turn               z - ring of willpower
MPRegen 0.56/turn               q - +6 ring of intelligence

@: berserking, very quick
A: high MP 1, forlorn, divine attributes
a: Evoke Blink


You were on level 3 of the Lair of Beasts.
You visited 3 branches of the dungeon, and saw 15 of its levels.

You collected 752 gold pieces.
You spent 282 gold pieces at shops.

Inventory:

Hand Weapons
 a - the +6 trident of Wrongful Imprisonment (weapon) {flame, rN++ Stlth-}
   (You found it on level 5 of the Dungeon)

   It burns those it strikes, dealing additional fire damage.
   rN:        It greatly protects you from negative energy.
   Stlth:     It makes you less stealthy.
 b - the +9 hunting sling of Doom {vorpal, Will+ MP+9 Dex+4}
   (You found it on level 2 of the Dungeon)

   Any ammunition fired from it inflicts extra damage upon your enemies.
   Dex:       It affects your dexterity (+4).
   MP:        It affects your magic capacity (+9).
   Will:      It increases your willpower.
 H - the +10 short sword of Ynehopy {spect, rN+}
   (You found it on level 6 of the Dungeon)

   When its wielder attacks, the weapon's spirit leaps out and strikes again.
   The spirit shares a part of any damage it takes with its wielder.
   rN:        It protects you from negative energy.
 N - the +2 spear of No Interval {flame, Will++}
   (You found it on level 7 of the Dungeon)

   It burns those it strikes, dealing additional fire damage.
   Will:      It greatly increases your willpower.
 Q - a +2 short sword of venom
Missiles
 d - 3 boomerangs of dispersal (quivered)
 x - 46 sling bullets
 L - a boomerang
 S - 10 poisoned darts
Armour
 k - a +2 pair of gloves (worn)
 l - a +0 cloak of poison resistance (worn)
 w - a +0 buckler (worn)
 y - a +1 helmet (worn)
 T - a +0 pair of boots of rampaging (worn)
 V - the +2 leather armour "Hoew" (worn) {+Blink rF+ Will+ Dex+4}
   (You found it on level 1 of the Lair of Beasts)

   Dex:       It affects your dexterity (+4).
   rF:        It protects you from fire.
   +Blink:    It lets you blink.
   Will:      It increases your willpower.
Magical Staves
 f - a staff of fire
Jewellery
 q - a +6 ring of intelligence (right hand)
 z - a ring of willpower (left hand)
 G - a ring of poison resistance
 I - an amulet of magic regeneration (around neck)
 J - a ring of flight
 R - a ring of positive energy
Wands
 m - a wand of iceblast (13)
 o - a wand of flame (22)
 s - a wand of mindburst (15)
 O - a wand of polymorph (17)
 W - a wand of paralysis (4)
Scrolls
 c - 3 scrolls of blinking
 e - a scroll of fear {unknown}
 i - 4 scrolls of identify
 j - 3 scrolls of teleportation
 p - a scroll of acquirement {unknown}
 t - 2 scrolls of enchant weapon
 v - a scroll of brand weapon {unknown}
 A - 2 scrolls of magic mapping
 C - 2 scrolls of enchant armour
 D - 4 scrolls of fog
 F - 2 scrolls of amnesia {unknown}
Potions
 g - 5 potions of curing
 h - a potion of heal wounds
 r - 3 potions of cancellation
 u - a potion of magic
 B - 5 potions of flight
 M - a potion of invisibility
 P - a potion of haste
 U - a potion of might


   Skills:
 + Level 13.8 Fighting
 - Level 14.0 Polearms
 - Level 2.2(2.3) Slings
 - Level 0.8(1.6) Throwing
 - Level 0.8 Armour
 + Level 6.0 Dodging
 - Level 1.7 Spellcasting
 - Level 6.8 Translocations


You couldn't memorise any spells.
You knew the following spells:

 Your Spells              Type           Power      Damage    Failure   Level
a - Blink                 Tloc           40%        N/A       3%          2
b - Teleport Other        Tloc           20%        N/A       8%          3
c - Gell's Gravitas       Tloc           20%        N/A       8%          3
d - Passwall              Tmut/Erth      0%         N/A       52%         2
e - Manifold Assault      Tloc           20%        N/A       56%         5

Your spell library contained the following spells:

 Spells                   Type           Power      Damage    Failure   Level
 Lesser Beckoning         Tloc           20%        N/A       8%          3
 Portal Projectile        Hex/Tloc       20%        N/A       28%         3
 Sandblast                Erth           2%         2d4       36%         1
 Ensorcelled Hibernation  Hex/Ice        2%         N/A       52%         2
 Stone Arrow              Conj/Erth      2%         3d7       75%         3
 Swiftness                Air            1%         N/A       75%         3
 Animate Dead             Necr           0%         N/A       98%         4
 Blade Hands              Tmut           0%         N/A       100%        5
 Borgnjor's Vile Clutch   Necr/Erth      0%         N/A       100%        5
 Excruciating Wounds      Necr           0%         N/A       100%        5
 Death Channel            Necr           0%         N/A       100%        6


Dungeon Overview and Level Annotations

Branches:
Dungeon (9/15)             Temple (0/1) D:6            Lair (5/6) D:9
  Swamp (0/4) Lair:4       Spider (1/4) Lair:4        Slime (0/5) Lair:5
    Orc: D:9-12

Shops:
D:1 ?   D:5 =   D:7 *


Innate Abilities, Weirdness & Mutations

You have an increased reservoir of magic. (+10% MP)
You shall have no god before yourself.
Your divine heritage dramatically boosts your attributes as you level up.


Message History

Unknown command.
You puncture something! You burn something.
You feel you are being watched by something.
You feel your power leaking away. Something hits you but does no damage.
Something hits you.
* * * LOW HITPOINT WARNING * * *
You feel clumsy. Something stings you.
* * * LOW HITPOINT WARNING * * *
A red film seems to cover your vision as you go berserk!
You feel yourself moving faster!
You feel mighty! Something hits you!
* * * LOW HITPOINT WARNING * * *
You block something's attack.
Something stings you but does no damage.
Unknown command.
You hit something. You burn something. You barely miss something.
You feel you are being watched by something.
You feel your power leaking away. Something hits you!
* * * LOW HITPOINT WARNING * * *
Something hits you but does no damage.
Something stings you but does no damage.
You closely miss something.
Unknown command.
You puncture something! You burn something.
Something hits you but does no damage. Something hits you.
* * * LOW HITPOINT WARNING * * *
You feel clumsy.
Something stings you but does no damage.
Unknown command.
Unknown command.
Unknown command.
You barely miss something.
Unknown command.
You puncture something! You burn something.
You feel you are being watched by something.
You feel your power leaking away. Something hits you!
You die...

#..........................#....
##..##..........#...P##.....#..#
#P.####........#...###.........
##..###........#...# #.....#...
#..###.............######.#[...
#..####.............#####.##.##
##...# #........P#..###..#.#..##
#....###.......{.#.........##.#.
##.............@.##........##...
##..............##.........#...
##.............####.###.....##
#####........## ### ######.#
#.###.##### ### ### ###


There were no monsters in sight!

Vanquished Creatures
  An entropy weaver (Lair:4)
  A spark wasp (Lair:4)
  7 hydras
  2 two-headed ogres (D:9)
  A fire crab (Lair:5)
  2 pharaoh ants (Spider:1)
  2 wolf spiders (Lair:4)
  A moth of wrath (Spider:1)
  4 elephants (Lair:4)
  7 cane toads
  A gargoyle (D:8)
  3 komodo dragons
  A rime drake (Lair:3)
  The ghost of bande the Chopper, a novice GrFi (D:6)
  A burning bush (Lair:3)
  2 polar bears (Lair:1)
  3 tarantellas (Lair:4)
  A hornet (D:8)
  13 blink frogs
  4 jumping spiders
  Sigmund (D:2)
  4 culicivoras
  3 wyverns
  40 yaks
  A steam dragon (D:7)
  4 basilisks
  9 redbacks
  12 water moccasins
  2 swamp worms (Lair:4)
  6 orc warriors
  4 black bears
  A sky beast (D:4)
  An ice beast (D:6)
  15 wolves
  5 ogres
  3 centaurs
  A phantom (D:6)
  2 kobold brigands (D:8)
  6 bullfrogs
  Blork the orc (D:4)
  A water moccasin zombie (D:6)
  A wyvern skeleton (D:6)
  A howler monkey (D:7)
  An electric eel (Lair:3)
  A centaur zombie (D:8)
  A hound (D:5)
  5 orc priests
  10 jellies (Lair:5)
  Ijyb (D:3)
  Jessica (D:3)
  Terence (D:2)
  10 orc wizards
  4 hell rats (Lair:5)
  Natasha (thrice) (D:3)
  A scorpion zombie (D:5)
  A killer bee zombie (D:4)
  A hound skeleton (D:5)
  6 gnolls
  7 adders
  A shadow imp (D:8)
  A white imp (D:8)
  An ufetubus (D:5)
  A worm (D:2)
  A dart slug (D:1)
  26 orcs
  10 endoplasms
  3 giant cockroaches
  4 goblins
  7 hobgoblins
  3 jackals (D:2)
  3 quokkas
  6 ball pythons
  5 bats
  3 frilled lizards
  10 kobolds
  5 rats
326 creatures vanquished.

Vanquished Creatures (others)
  21 fungi
  78 plants
99 creatures vanquished.

Grand Total: 425 creatures vanquished

Notes
Turn   | Place    | Note
-------+----------+-------------------------------------------
     0 | D:1      | drugrobin the Demigod Warper began the quest for the Orb.
     0 | D:1      | Reached XP level 1. HP: 17/17 MP: 5/5
    45 | D:1      | Reached skill level 2 in Polearms
   724 | D:1      | Reached XP level 2. HP: 10/24 MP: 7/7
  1060 | D:1      | Found Ceaxiph's Magic Scroll Boutique.
  1189 | D:1      | Reached skill level 3 in Polearms
  1397 | D:1      | Bought a scroll of identify for 26 gold pieces
  1397 | D:1      | Bought a scroll of teleportation for 39 gold pieces
  1683 | D:2      | Noticed Sigmund
  1726 | D:2      | Learned a level 2 spell: Blink
  1767 | D:2      | Reached XP level 3. HP: 19/29 MP: 8/8
  2699 | D:2      | Learned a level 3 spell: Teleport Other
  2721 | D:2      | Identified the +9 hunting sling of Doom {vorpal, Will+ MP+9
                  | Dex+4}
  2929 | D:2      | Noticed Terence
  2936 | D:2      | Killed Terence
  2937 | D:2      | Reached skill level 4 in Polearms
  2937 | D:2      | Reached skill level 1 in Slings
  2937 | D:2      | Reached XP level 4. HP: 30/36 MP: 9/9
  3403 | D:3      | Noticed Jessica
  3404 | D:3      | Killed Jessica
  3405 | D:3      | Reached XP level 5. HP: 42/42 MP: 10/10
  3477 | D:3      | Noticed Natasha
  3481 | D:3      | Killed Natasha
  3496 | D:3      | Noticed Natasha
  3499 | D:3      | Killed Natasha
  3624 | D:3      | Noticed Natasha
  3627 | D:3      | Killed Natasha
  3888 | D:3      | Noticed Ijyb
  3893 | D:3      | Killed Ijyb
  4119 | D:1      | Bought a scroll of enchant weapon for 97 gold pieces
  4184 | D:2      | Killed Sigmund
  4185 | D:2      | Reached XP level 6. HP: 38/53 MP: 11/11
  4422 | D:4      | Reached skill level 5 in Fighting
  4677 | D:4      | Reached XP level 7. HP: 61/62 MP: 12/12
  4689 | D:4      | Noticed Blork the orc
  4695 | D:4      | Killed Blork the orc
  5120 | D:5      | Entered Level 5 of the Dungeon
  5517 | D:5      | Reached XP level 8. HP: 65/74 MP: 13/13
  5898 | D:5      | Found Rejedgh's Jewellery Boutique.
  5972 | D:5      | Identified the +6 trident of Wrongful Imprisonment {flame,
                  | rN++ Stlth-}
  6448 | D:6      | Found a runed translucent gate.
  6448 | D:6      | Found a runed translucent gate.
  6448 | D:6      | Found a runed translucent gate.
  6451 | D:6      | Noticed bande's ghost (novice GrFi)
  6451 | D:6      | Identified the +0 chain mail of Stoicism {MP+9}
  6568 | D:6      | Identified the +10 short sword of Ynehopy {spect, rN+}
  6573 | D:6      | Found a staircase to the Ecumenical Temple.
  6646 | D:6      | Reached skill level 5 in Polearms
  6935 | D:6      | Reached skill level 6 in Polearms
  7378 | D:6      | Learned a level 3 spell: Gell's Gravitas
  7752 | D:5      | Reached XP level 9. HP: 58/83 MP: 11/14
  7882 | D:5      | Learned a level 2 spell: Passwall
  7953 | D:6      | Killed bande's ghost
  7954 | D:6      | Reached skill level 7 in Polearms
  8522 | D:7      | Identified the +2 spear of No Interval {flame, Will++}
  8955 | D:7      | Found Laoser's General Store.
  8990 | D:7      | Bought a potion of haste for 120 gold pieces
  9059 | D:8      | Noticed a gargoyle
  9068 | D:8      | Killed a gargoyle
  9069 | D:8      | Reached skill level 8 in Polearms
 10479 | D:9      | Noticed a two-headed ogre
 10486 | D:9      | Killed a two-headed ogre
 10487 | D:9      | Reached skill level 10 in Fighting
 10487 | D:9      | Reached skill level 5 in Translocations
 10487 | D:9      | Reached XP level 10. HP: 93/93 MP: 13/15
 10583 | D:9      | Found a staircase to the Lair.
 10583 | D:9      | Noticed an elephant
 10585 | D:9      | Noticed a two-headed ogre
 10600 | D:9      | Reached skill level 9 in Polearms
 10618 | D:9      | Killed a two-headed ogre
 10715 | Lair:1   | Entered Level 1 of the Lair of Beasts
 11142 | Lair:1   | Reached skill level 10 in Polearms
 12045 | Lair:1   | Reached XP level 11. HP: 85/101 MP: 17/17
 12202 | Lair:1   | Identified the +2 leather armour "Hoew" {+Blink rF+ Will+
                  | Dex+4}
 12608 | Lair:2   | Reached skill level 11 in Polearms
 12920 | Lair:2   | Noticed a six-headed hydra
 12953 | Lair:2   | Noticed a seven-headed hydra
 13085 | Lair:1   | Killed a seven-headed hydra
 13423 | Lair:2   | You fall into a shaft and drop 1 floor!
 13878 | Lair:3   | Reached skill level 12 in Polearms
 14066 | Lair:3   | Noticed a seven-headed hydra
 14079 | Lair:3   | Killed a seven-headed hydra
 14280 | Lair:3   | Noticed a five-headed hydra
 14293 | Lair:3   | Killed a five-headed hydra
 15725 | Lair:4   | Reached skill level 13 in Polearms
 15725 | Lair:4   | Reached XP level 12. HP: 20/112 MP: 12/18
 16397 | Lair:4   | Noticed a seven-headed hydra
 16405 | Lair:4   | Killed a seven-headed hydra
 16639 | Lair:4   | Noticed a six-headed hydra
 16656 | Lair:4   | Killed a six-headed hydra
 17003 | Lair:4   | Noticed a five-headed hydra
 17120 | Lair:4   | Killed a five-headed hydra
 17121 | Lair:4   | Reached skill level 14 in Polearms
 17525 | Lair:4   | Noticed an eight-headed hydra
 17563 | Lair:4   | Killed an eight-headed hydra
 17822 | Lair:4   | Found a staircase to the Swamp.
 18184 | Lair:4   | Found a hole to the Spider Nest.
 18232 | Spider:1 | Entered Level 1 of the Spider Nest
 18240 | Spider:1 | Noticed an entropy weaver
 18260 | Lair:4   | Killed an entropy weaver
 19410 | Lair:5   | Found a staircase to the Slime Pits.
 20468 | Lair:4   | Reached skill level 5 in Dodging
 20783 | Spider:1 | Reached XP level 13. HP: 83/122 MP: 19/19
 21272 | Spider:1 | Learned a level 5 spell: Manifold Assault
 21331 | Spider:1 | Noticed a spark wasp
 21333 | Spider:1 | Noticed an entropy weaver
 21657 | Lair:4   | Killed a spark wasp
 22221 | Lair:4   | HP: 3/123 [something (9)]
 22670 | Lair:3   | HP: 9/184 [something (5)]
 22672 | Lair:3   | Mangled by a ghost moth

Illustrated notes

Levels and vault maps discovered:
D:1:      amcnicky_arrival_double_pillar, layout_basic, serial_shops, shop,
          chequers_garden
D:2:      layout_loops_ring, serial_bayou, serial_bayou_pond_c,
          serial_bayou_pond_d, serial_bayou_pond_e, serial_bayou_pond_b,
          dilly_ecumenical_altar_fadedgnrine, uniq_sigmund, uniq_terence
D:3:      layout_basic, uniq_natasha, uniq_jessica, uniq_ijyb
D:4:      layout_cave_pools, minmay_cut_off, uniq_blork_the_orc
D:5:      layout_basic, serial_shops, nicolae_shop_behind_doors,
          hangedman_abyss_or_decor_lesser_grid
D:6:      minmay_flawed_box, layout_cave_pods, temple_doors_e,
          biasface_ghost_orc_armoury
D:7:      layout_basic, serial_shops, shop, minivault_25
D:8:      layout_cave_pods, nzn_wu_jian_contemplation
D:9:      layout_loops_cross, david_lair_generic, minmay_orc_entry_temple_small,
          serial_shops, nicolae_shop_behind_doors
Lair:1:   layout_chaotic_city, grunt_megastairs_2
Lair:2:   layout_hall_layers, lemuel_fruit_fields
Lair:3:   layout_gridlike, evilmike_ambush [evilmike_ambush_outer_doors,
          evilmike_ambush_inner_cross], serial_bayou_shore_a
Lair:4:   layout_cave_pods, palyth_hydra_swamp_entry, dummy_spider_entry,
          st_stairs_9, ldierk_geyser
Lair:5:   layout_cave_pods, minmay_slime_entry_jelly_boxes
Spider:1: layout_spider_delve

Skill      XL: |  1  2  3  4  5  6  7  8  9 10 11 12 13 |
---------------+----------------------------------------+-----
Polearms       | 2 3 4 6 8 10 13 14 | 14.0
Slings         | 1 2 |  2.2
Fighting       | 2 4 5 7 9 10 12 13 | 13.8
Translocations | 3 5 6 |  6.8
Dodging        | 5 6 |  6.0
Throwing       | |  0.8
Armour         | |  0.8
Spellcasting   | |  1.7

Action                   |  1- 3 |  4- 6 |  7- 9 | 10-12 | 13-15 || total
-------------------------+-------+-------+-------+-------+-------++-------
Melee: Spear             |   149 |       |       |       |       ||   149
       Trident           |       |       |   113 |   466 |    46 ||   625
       Short sword       |       |       |     4 |     2 |    10 ||    16
       Punch             |       |       |       |     6 |       ||     6
 Fire: Hunting sling     |    26 |    66 |   147 |   185 |     9 ||   433
Throw: Stone             |     6 |       |     1 |     1 |       ||     8
       Boomerang         |     1 |       |     1 |     1 |       ||     3
       Dart              |       |       |       |     4 |     2 ||     6
 Cast: Blink             |     3 |       |     8 |    34 |     2 ||    47
       Teleport Other    |       |       |     1 |    16 |     1 ||    18
       Gell's Gravitas   |       |       |       |    38 |       ||    38
       Passwall          |       |       |       |     1 |       ||     1
Evoke: Wand              |       |       |     1 |     5 |       ||     6
  Use: Potion            |     1 |       |       |     1 |     4 ||     6
       Scroll            |       |       |       |    15 |     5 ||    20
 Stab: Sleeping          |     1 |       |       |       |       ||     1
Armor: Leather armour    |    33 |       |    31 |   182 |    40 ||   286
Dodge: Dodged            |    89 |     9 |    50 |   297 |    33 ||   478
Block: Buckler           |       |       |       |       |     9 ||     9

Table legend: (Time is in decaauts)
 A = Elapsed time spent in this place.
 B = Non-inter-level travel time spent in this place.
 C = Inter-level travel time spent in this place.
 D = Time resting spent in this place.
 E = Time spent auto-exploring this place.
 F = Levels seen in this place.
 G = Mean time per level.
                   A        B        C        D        E       F      G
               +--------+--------+--------+--------+--------+-----+--------+
         Total |  22521 |  21382 |   1139 |   6552 |  11413 |  15 | 1501.4 |
       Dungeon |  10721 |  10046 |    675 |   1389 |   6980 |   9 | 1191.2 |
          Lair |  11335 |  10873 |    462 |   4981 |   4332 |   5 | 2267.0 |
   Spider Nest |    463 |    462 |      1 |    182 |    100 |   1 |  463.0 |
               +--------+--------+--------+--------+--------+-----+--------+

Top non-repeatable levels by time:
  Lair:4: 5064 daAuts
  Lair:3: 2705 daAuts
     D:1: 2500 daAuts
  Lair:1: 2006 daAuts
     D:6: 1829 daAuts
     D:5: 1395 daAuts
     D:8: 1366 daAuts
     D:2: 1064 daAuts
     D:3: 852 daAuts
  Lair:2: 832 daAuts
     D:4: 786 daAuts
  Lair:5: 726 daAuts
     D:7: 638 daAuts
Spider:1: 463 daAuts
     D:9: 287 daAuts
